Map: Terraplenes de priones

Players

Swip - Winner!

  • Race: Zerg Zerg
  • League: Gold

MOOgle

  • Race: Terran Terran
  • League: Gold

VOD

Have the link to the VOD?

Description

Time

  • Played on: April 21, 2016, 8:43 p.m.
  • Length: 11:38
Show
View Real Time Build Order
Export as new Build Order

Swip Zerg - Winner!

Build Orders: Pool First 

Get SALT Encoding   

  12  0:01  Drone  
  13  0:12  Overlord  
  13  0:19  Drone  
  14  0:30  Drone  
  14  0:31  Drone  
  14  0:34  Drone  
  17  0:35  Extractor  
  16  0:49  Spawning Pool  
  15  1:16  Hatchery  
  14  1:21  Drone  
  14  1:24  Drone  
  16  1:38  Queen  
  18  1:45  Metabolic Boost  
  18  1:50  Drone  
  18  1:53  Zergling x2  
  20  1:58  Drone  
  21  2:04  Overlord  
  21  2:19  Zergling x2  
  22  2:40  Drone x2  
  22  2:42  Queen, Drone  
  22  2:43  Drone  
  28  2:52  Drone x4  
  28  2:54  Drone  
  33  3:00  Drone  
  34  3:18  Drone  
  34  3:19  Drone  
  36  3:22  Lair  
  36  3:24  Overlord  
  35  3:45  Hatchery  
  35  3:47  Drone  
  35  3:48  Drone x2  
  36  3:50  Drone  
  36  3:51  Drone x3, Extractor  
  36  3:53  Queen  
  36  3:54  Overlord x2  
  41  3:57  Extractor  
  41  3:59  Extractor  
  39  4:03  Drone x2  
  39  4:04  Drone  
  42  4:11  Roach Warren  
  41  4:19  Drone  
  42  4:24  Spire  
  42  4:27  Zergling x4  
  42  4:28  Zergling x8  
  42  4:29  Zergling x2  
  43  4:44  Zergling x8  
  41  5:02  Roach  
  41  5:03  Glial Reconstitution  
  41  5:06  Drone  
  44  5:18  Roach x2  
  48  5:24  Drone x2  
  50  5:43  Drone x5  
  50  5:46  Drone  
  50  5:47  Drone x2  
  58  6:02  Zerg Flyer Armor Level 1  
  58  6:11  Spore Crawler  
  58  6:15  Spore Crawler, Queen  
  58  6:20  Overseer  
  58  6:23  Overlord x2  
  58  6:24  Overlord  
  58  6:39  Evolution Chamber, Drone  
  58  6:42  Evolution Chamber, Drone x4  
  61  6:48  Drone x2, Overseer  
  61  6:53  Drone  
  62  7:10  Spore Crawler  
  62  7:14  Pneumatized Carapace  
  61  7:24  Spore Crawler  
  61  7:27  Overlord x3  
  60  7:33  Overlord x3  
  60  7:35  Zerg Ground Armor Level 1, Zerg Missile Weapons Level 1  
  60  7:45  Drone  
  60  7:46  Drone x3  
  64  7:52  Mutalisk x3  
  64  7:53  Mutalisk  
  64  7:57  Queen  
  74  8:05  Mutalisk x4  
  79  8:30  Mutalisk x3  
  79  8:31  Extractor x2  
  79  8:32  Zergling x2  
  79  8:33  Zergling x16  
  92  8:40  Drone x3  
  87  8:51  Roach  
  89  8:58  Roach x3  
  89  8:59  Roach  
  89  9:00  Roach x3  
  89  9:01  Roach  
  105  9:08  Drone  
  106  9:12  Overlord, Hatchery  
  106  9:13  Overlord  
  106  9:14  Overlord  
  105  9:38  Ravager  
  106  9:40  Ravager x4  
  106  9:42  Zergling x8  
  106  9:44  Zergling x2  
  106  9:45  Zergling x2  
  115  9:48  Zergling x2  
  115  9:49  Zergling x12  
  115  10:11  Roach  
  115  10:12  Roach x3  
  115  10:13  Roach x5  
  130  10:16  Overlord x3  
  103  10:43  Roach x4  
  103  10:44  Mutalisk x2  
  115  10:54  Queen  
  115  10:56  Drone x3  
  120  11:01  Drone x4  
  120  11:02  Drone  
  120  11:04  Extractor x2  
  115  11:16  Hatchery  
  120  11:35  Ravager  
Show
View Real Time Build Order
Export as new Build Order

MOOgle Terran 

Build Orders: MMM Bio 

Get SALT Encoding   

  12  0:01  SCV  
  13  0:13  SCV  
  14  0:18  Supply Depot  
  14  0:25  SCV  
  15  0:40  SCV  
  16  0:43  Barracks  
  16  0:47  Refinery  
  16  0:52  SCV  
  17  1:04  SCV  
  18  1:16  SCV  
  19  1:28  SCV  
  19  1:32  Reaper  
  21  1:37  Command Center  
  21  1:44  Supply Depot  
  21  1:53  Orbital Command  
  21  2:04  Marine  
  22  2:11  Factory  
  22  2:19  Refinery  
  22  2:20  SCV  
  23  2:32  Barracks Reactor  
  23  2:45  SCV  
  24  2:54  Bunker  
  24  2:57  SCV x2  
  26  3:05  Starport  
  26  3:07  Supply Depot  
  25  3:21  Marine  
  25  3:24  Hellion x2  
  30  3:28  Supply Depot  
  30  3:29  Orbital Command  
  30  3:30  SCV  
  31  3:47  Hellion x2  
  35  3:50  Medivac  
  35  3:52  Barracks Tech Lab  
  37  3:58  SCV x2  
  39  4:12  SCV x2, Hellion x2  
  45  4:19  Stimpack  
  45  4:20  Marine  
  46  4:29  SCV  
  47  4:37  SCV  
  48  4:41  SCV  
  47  4:49  SCV  
  46  4:56  Marine  
  43  5:05  SCV  
  44  5:11  Factory Tech Lab  
  44  5:13  Marine, Barracks, Command Center  
  45  5:21  Medivac  
  47  5:31  Marine  
  46  5:37  SCV x2  
  46  5:41  Widow Mine  
  48  5:49  SCV, Marine  
  50  5:52  SCV  
  51  6:01  SCV  
  51  6:04  SCV, Engineering Bay, Barracks  
  53  6:06  Engineering Bay  
  53  6:07  Marine  
  53  6:09  Barracks, Refinery  
  53  6:10  Siege Tank  
  57  6:13  SCV, Refinery  
  58  6:25  Marine  
  59  6:33  SCV x2  
  59  6:38  Orbital Command  
  61  6:41  Marine  
  61  6:42  Siege Tank  
  61  6:43  Marine  
  61  6:45  SCV  
  67  6:48  Terran Infantry Weapons Level 1, Terran Infantry Armor Level 1  
  67  6:53  Marine  
  68  6:57  Supply Depot  
  68  6:59  Marine, Supply Depot  
  68  7:00  Marine  
  70  7:11  Marine x2  
  70  7:12  Marine  
  70  7:14  Siege Tank  
  76  7:18  Marine  
  75  7:28  Marine  
  75  7:29  Marine x2  
  77  7:35  Medivac  
  77  7:36  Marine  
  82  7:38  Barracks Reactor  
  82  7:42  Supply Depot  
  82  7:43  SCV, Barracks  
  82  7:44  Barracks  
  82  7:46  Marine, Armory  
  82  7:47  Marine x2, Siege Tank  
  88  7:54  Marine  
  89  8:04  Marine  
  90  8:05  Medivac  
  90  8:10  Marine x2  
  90  8:12  Marine  
  91  8:22  Marine  
  91  8:24  Marine x2  
  83  8:28  Marine x2, Siege Tank  
  83  8:29  Marine  
  83  8:32  Missile Turret  
  89  8:34  Missile Turret  
  89  8:37  Missile Turret  
  89  8:40  Marine  
  92  8:42  Marine x2  
  92  8:43  Starport  
  92  8:45  Marine  
  92  8:46  Marine  
  94  8:50  Starport Reactor  
  94  8:57  SCV x2, Marine  
  94  8:58  Marine  
  94  8:59  Marine  
  99  9:18  Marine x2  
  101  9:29  Supply Depot  
  101  9:30  Supply Depot, Drilling Claws  
  101  9:31  Combat Shields  
  101  9:50  SCV x3, Marine x2, Siege Tank  
  106  10:02  SCV x3  
  106  10:12  Marine x6  
  112  10:19  Marine x2  
  114  10:22  Siege Tank  
  117  10:30  Marine  
  105  10:38  Marine x3  
  105  10:39  Marine  
  87  10:46  Marine x3  
  87  10:48  Viking x3  
  87  10:49  SCV x2  
  96  10:54  Widow Mine  
  96  10:56  Marine x2  
  100  11:03  SCV, Supply Depot  
  100  11:04  Supply Depot  
  88  11:13  Marine  
  88  11:14  Marine x6  
  88  11:16  Marine  
Tags
 
Add a new tag
Caveats
  • Supply blocks, unpowered buildings, or Contaminate may cause inaccurate times.
  • Supply counts are checked every 10 seconds.